 Dungeon Crawl Stone Soup version 0.24-a0-205-g1d96822 (webtiles) character file.

Game seed: 3644678319324128690

16 Borgoz the Skirmisher (level 2, 6/19 HPs)
             Began as a Gargoyle Berserker on Mar 28, 2019.
             Was a Follower of Trog.
             Quit the game on level 1 of the Dungeon.
             The game lasted 00:00:57 (387 turns).

Borgoz the Skirmisher (Gargoyle Berserker)           Turns: 387, Time: 00:00:57

Health: 6/19       AC:  5    Str: 20    XL:     2   Next: 54%
Magic:  2/2        EV: 12    Int:  7    God:    Trog [*.....]
Gold:   47         SH:  0    Dex:  9    Spells: 1/1 levels left

rFire    . . .     SeeInvis .   a - +0 short sword
rCold    . . .     Gourm    .   (no shield)
rNeg     + . .     Faith    .   b - +0 animal skin
rPois    ∞         Spirit   .   (no helmet)
rElec    +         Reflect  .   (no cloak)
rCorr    .         Harm     .   (no gloves)
MR       .....                  (no boots)
Stlth    +.........             (no amulet)
HPRegen  0.06/turn              (no ring)
MPRegen  0.08/turn              (no ring)

@: berserk cooldown, slowed, very slow
A: negative energy resistance 1, electricity resistance, unbreathing,
petrification resistance, rot immunity, AC +2
a: Berserk, Renounce Religion


You were on level 1 of the Dungeon.
You worshipped Trog.
Trog was aware of your devotion.
You were not hungry.

You visited 1 branch of the dungeon, and saw 1 of its levels.

You collected 47 gold pieces.

Inventory:

Hand Weapons
 a - a +0 short sword (weapon)
Armour
 b - a +0 animal skin (worn)
Scrolls
 d - a scroll of identify {unknown}
 e - a scroll of noise {unknown}
 h - a scroll of fear {unknown}
Potions
 f - a potion of haste {unknown}
Comestibles
 c - a ration
 g - 3 chunks of flesh


   Skills:
 + Level 3.4 Fighting
 + Level 2.8 Short Blades
 + Level 2.4 Armour
 + Level 1.8 Dodging
 + Level 0.9 Stealth


You had one spell level left.
You didn't know any spells.
Your spell library was empty.

Dungeon Overview and Level Annotations

Branches:
Dungeon (1/15)

Altars:


Innate Abilities, Weirdness & Mutations

You are resistant to torment.
Your stone body is resilient. (AC +2)
You are immune to poison.
You resist negative energy. (rN+)
You are resistant to electric shocks. (rElec)
You can survive without breathing.
You are immune to petrification.
You are immune to rotting.


Message History

You hit the ooze.
The ooze is almost dead.
The rat bites you. The ooze closely misses you.
You puncture the rat!
You kill the rat!
Trog accepts your kill.
You puncture the ooze!
You kill the ooze!
Trog accepts your kill.
Found 16 sling bullets.
You see here a dart slug corpse.
You feel a strong urge to attack something.
You see here a dart slug corpse.
You butcher the dart slug corpse.
You feel your anger nearly subside.
You are no longer berserk.
You are exhausted.
You feel yourself slow down.
g - 3 chunks of flesh (gained 1)
You now have 47 gold pieces (gained 8).
Are you sure you want to abandon this character and quit the game? (Confirm with "yes".)

#....#### #.......#..
#.###...# #.......... #
#...# #..(.....#. #...#
###)##(#... #...#
#.#...#.. . #...#
###.#......
#.########...#
#...#...###
#.......#....# #.≈.....#
#
........#@#.####..⌠..(.#
#
..............##.≈.....#
#
.(......##.............#
#
........##.##.###...####
# ........##.# .# #### #
........##.. .. #
######### ## ## # # #


There were no monsters in sight!

Vanquished Creatures
  An ooze (D:1)
  A dart slug (D:1)
  2 giant cockroaches (D:1)
  A goblin (D:1)
  A bat (D:1)
  2 kobolds (D:1)
  2 rats (D:1)
10 creatures vanquished.

Notes
Turn   | Place    | Note
-------+----------+-------------------------------------------
     0 | D:1      | Borgoz the Gargoyle Berserker began the quest for the Orb.
     0 | D:1      | Reached XP level 1. HP: 14/14 MP: 1/1
     1 | D:1      | Noticed an electric eel
   230 | D:1      | Reached XP level 2. HP: 12/19 MP: 2/2
   387 | D:1      | Quit the game

Levels and vault maps discovered:
D:1:      arrival_aquarium_a, layout_basic, hangedman_feature_mirror

Action                   || total
-------------------------++-------
Melee: Short sword       ||    39
Invok: Berserk           ||     1
Armor: Animal skin       ||    15
Dodge: Dodged            ||    28

Table legend:
 A = Non-vault XP
 B = Vault XP
 C = Vault XP percentage of total XP
 D = Non-vault monster count
 E = Vault monster count
 F = Vault count percentage of total count
                 A         B        C        D         E       F
            +---------+---------+-------+---------+---------+-------
      Total |      23 |       0 |   0.0 |      10 |       0 |   0.0
            +---------+---------+-------+---------+---------+-------
        D:1 |      23 |       0 |   0.0 |      10 |       0 |   0.0
            +---------+---------+-------+---------+---------+-------
